 Dungeon Crawl Stone Soup version 0.18.1-47-g9310371 (webtiles) character file.

2049 AvylaarBelgium the Thaumaturge (level 9, -1/45 HPs)
             Began as a Deep Elf Necromancer on June 10, 2016.
             Slain by a hippogriff (3 damage)
             ... on level 8 of the Dungeon on June 15, 2016.
             The game lasted 00:29:44 (7057 turns).

AvylaarBelgium the Thaumaturge (DENe)               Turns: 7057, Time: 00:29:44

Health: -1/45      AC:  6    Str:  5    XL:     9   Next: 4%
Magic:  4/26       EV: 14    Int: 24    God:
Gold:   547        SH:  0    Dex: 15    Spells: 5 memorised, 13 levels left

rFire  . . .     SeeInvis .     n - +5 dagger
rCold  + . .     Gourm    .     s - +1 leather armour {rPois}
rNeg   . . .     Faith    +     (no shield)
rPois  +         Spirit   .     (no helmet)
rElec  .         Dismiss  .     X - +0 cloak
rCorr  .         Reflect  .     O - +0 pair of gloves
SustAt .         Harm     .     (no boots)
MR     .....                    g - amulet of faith
Stlth  ++........               N - +2 ring of evasion
                                R - ring of protection from cold

@: not resistant to hostile enchantments, unstealthy
A: no striking features
a: no special abilities


You were on level 8 of the Dungeon.
You were not hungry.

You visited 1 branch of the dungeon, and saw 8 of its levels.
You also visited: Bailey.

You collected 547 gold pieces.

Inventory:

Hand Weapons
 n - a +5 dagger (weapon)
 M - a +0 dagger of venom
 V - a +2 glaive of venom
Missiles
 E - 33 poisoned needles
 Q - 5 tomahawks (quivered)
 S - a throwing net
Armour
 s - a +1 leather armour of poison resistance (worn)
 G - an ice dragon hide
 O - a +0 pair of gloves (worn)
 P - a +2 robe of magic resistance
 X - a +0 cloak (worn)
Magical Staves
 v - an uncursed staff of air
 I - an uncursed staff of earth
Jewellery
 g - an amulet of faith (around neck)
 h - an uncursed ring of teleportation
 N - a +2 ring of evasion (right hand)
 R - a ring of protection from cold (left hand)
Wands
 a - a wand of disintegration (11/24)
 U - a wand of confusion (16/48)
 W - a wand of polymorph (3/24)
Scrolls
 d - 2 scrolls of random uselessness {unknown}
 e - a scroll of enchant weapon {unknown}
 f - a scroll of noise {unknown}
 j - 8 scrolls of remove curse
 k - a scroll of recharging {unknown}
 m - a scroll of magic mapping {unknown}
 r - a scroll of identify
 A - a scroll of fog {unknown}
 C - a scroll of silence {unknown}
 F - a scroll of blinking {unknown}
 K - a scroll of immolation
 T - 2 scrolls of enchant armour {unknown}
Potions
 i - a potion of might
 l - 3 potions of brilliance {unknown}
 o - 5 potions of curing
 p - 2 potions of flight {unknown}
 t - 3 potions of invisibility {unknown}
 w - 3 potions of heal wounds {unknown}
 x - a potion of mutation
 z - a potion of magic {unknown}
 J - a potion of cancellation {unknown}
 L - a potion of haste {unknown}
Books
 b - a book of Necromancy

   Spells                             Type                      Level
   a - Pain                           Necromancy                   1
   b - Animate Skeleton               Necromancy                   1
   c - Vampiric Draining              Necromancy                   3
   d - Regeneration                   Charms/Necromancy            3
   e - Animate Dead                   Necromancy                   4
   f - Control Undead                 Necromancy                   4
 B - a book of Summonings

   Spells                             Type                      Level
   a - Recall                         Summoning/Translocation      3
   b - Aura of Abjuration             Summoning                    5
   c - Summon Demon                   Summoning                    5
   d - Summon Forest                  Summoning/Translocation      5
   e - Summon Mana Viper              Hexes/Summoning              5
   f - Shadow Creatures               Summoning                    6
Comestibles
 c - 6 bread rations
 q - 4 slices of pizza
 u - 4 meat rations
 D - a beef jerky
 H - 4 chunks of flesh


   Skills:
 - Level 1.4 Armour
 - Level 2.4 Dodging
 - Level 2.5 Stealth
 + Level 11.0 Spellcasting
 + Level 2.5 Summonings
 - Level 10.4 Necromancy


You had 13 spell levels left.
You knew the following spells:

 Your Spells              Type           Power        Failure   Level  Hunger
a - Pain                  Necr           ####         1%          1    None
b - Regeneration          Chrm/Necr      #####.....   3%          3    None
c - Animate Dead          Necr           N/A          1%          4    None
d - Control Undead        Necr           ######....   1%          4    None
e - Summon Demon          Summ           ####......   82%         5    ####...


Dungeon Overview and Level Annotations

Branches:
Dungeon (8/15)             Temple (0/1) D:7
   Lair: D:8-11

Altars:
Trog
The Shining One

Shops:
D:6 }


Message History

* * * LOW HITPOINT WARNING * * *
The hippogriff barely misses you.
Casting: Pain
Confirm with . or Enter, or press ? or * to list all spells.
Aiming: Pain
Press: ? - help, Shift-Dir - straight line, f/p - hippogriff
Aim: a hippogriff (almost dead, chance to defeat MR: 84%)
The hippogriff barely resists.
The hippogriff bites you!
* * * LOW HITPOINT WARNING * * *
The hippogriff pecks you.
* * * LOW HITPOINT WARNING * * *
The hippogriff closely misses you.
Casting: Pain
Confirm with . or Enter, or press ? or * to list all spells.
Aiming: Pain
Press: ? - help, Shift-Dir - straight line, f/p - hippogriff
Aim: a hippogriff (almost dead, chance to defeat MR: 84%)
The hippogriff convulses in agony!
The hippogriff closely misses you. The hippogriff pecks you.
You die...

...........)..###.......#
..........#####...#.....###
..<............)..)........
##########.....############
##....##.##....#####.###.#
##..####...####..##...#Z#.#
..........#..........##.##.###
#...####..###..####...#.###....
.##........#.H@.....##.## #....
#...####...####...#)## #....
.## ##)## #..##.######....
#...# ####.#.......... ##(##
#########.... #.......# #....
....#..8..#.... #.... ..
..#)..#†. ?. #.... .#...8...#.
#Z###


You could see a hippogriff.

Vanquished Creatures
  2 orc warriors
  4 ogres
  3 centaurs
  A big kobold (D:8)
  A giant frog (D:7)
  2 scorpions
  2 wights (D:6)
  2 crimson imps
  A centaur skeleton (D:4)
  A hound (D:8)
  A gnoll shaman (D:7)
  3 orc priests
  5 orc wizards
  7 worker ants
  A worker ant zombie (D:5)
  11 gnolls
  7 adders
  A howler monkey skeleton (D:6)
  An ooze (D:1)
  2 adder skeletons (D:4)
  4 worms
  A dart slug (D:1)
  9 giant geckos
  50 orcs
  6 bats
  3 giant cockroaches
  12 goblins
  4 hobgoblins
  7 jackals
  5 kobolds
  2 quokkas (D:2)
  2 ball pythons
  A giant gecko skeleton (D:6)
  2 giant newts
  A quokka skeleton (D:4)
  10 rats
177 creatures vanquished.

Vanquished Creatures (collateral kills)
  A phantom (D:4)
  A wight (D:6)
  A howler monkey (D:4)
  A giant frog zombie (D:8)
  A hound (D:6)
  A worker ant (D:7)
  A hound skeleton (D:7)
  A shadow imp (D:8)
  4 orcs
12 creatures vanquished.

Grand Total: 189 creatures vanquished

Notes
Turn   | Place    | Note
--------------------------------------------------------------
     0 | D:1      | AvylaarBelgium the Deep Elf Necromancer began the quest for the Orb.
     0 | D:1      | Reached XP level 1. HP: 10/10 MP: 6/6
    18 | D:1      | Reached skill level 5 in Necromancy
   145 | D:1      | Upgraded the game from 0.18.1-8-gdd0e5ea to 0.18.1-47-g9310371
   194 | D:1      | Reached XP level 2. HP: 2/15 MP: 2/8
   482 | D:1      | Reached XP level 3. HP: 10/19 MP: 3/10
   987 | D:2      | Reached skill level 4 in Spellcasting
  1261 | D:2      | Reached XP level 4. HP: 8/24 MP: 7/12
  1266 | D:2      | Learned a level 3 spell: Regeneration
  1887 | D:3      | Found a glowing golden altar of the Shining One.
  2270 | D:4      | Reached skill level 5 in Spellcasting
  2270 | D:4      | Reached XP level 5. HP: 23/28 MP: 6/14
  2303 | D:4      | Noticed an ogre
  2326 | D:3      | Learned a level 4 spell: Control Undead
  2331 | D:3      | Learned a level 4 spell: Animate Dead
  2379 | D:4      | Reached skill level 1 in Armour
  2499 | D:4      | Noticed a phantom
  2523 | D:5      | Entered Level 5 of the Dungeon
  3091 | D:5      | Reached skill level 6 in Spellcasting
  3091 | D:5      | Reached XP level 6. HP: 18/32 MP: 5/17
  3918 | D:4      | Reached skill level 7 in Spellcasting
  4030 | D:4      | Reached XP level 7. HP: 28/36 MP: 17/19
  4337 | D:6      | Found Lyuweufi's Gadget Shoppe.
  4572 | D:6      | Reached skill level 8 in Spellcasting
  4873 | D:6      | Reached XP level 8. HP: 40/41 MP: 5/22
  4890 | D:6      | Reached skill level 9 in Spellcasting
  5607 | D:7      | Noticed a moth of wrath
  5609 | D:7      | Found a bloodstained altar of Trog.
  5667 | D:7      | Found a staircase to the Ecumenical Temple.
  5844 | D:7      | Found a flagged portal.
  5923 | Bailey   | Entered a bailey
  6130 | Bailey   | HP: 1/41 [orc warrior/glaive (27)]
  6290 | D:7      | Reached skill level 10 in Spellcasting
  6331 | D:7      | Reached skill level 10 in Necromancy
  6817 | D:8      | Learned a level 5 spell: Summon Demon
  6931 | D:8      | Reached skill level 1 in Summonings
  6994 | D:8      | Reached XP level 9. HP: 30/45 MP: 20/25
  6996 | D:8      | Reached skill level 11 in Spellcasting
  7054 | D:8      | HP: 2/45 [hippogriff (2)]
  7057 | D:8      | Slain by a hippogriff

Skill      XL: |  1  2  3  4  5  6  7  8  9 |
---------------+----------------------------+-----
Necromancy     | 5 6 7 9 10 | 10.4
Spellcasting   | 4 5 6 7 8 10 11 | 11.0
Armour         | 1 |  1.4
Summonings     | 2 |  2.5
Dodging        | |  2.4
Stealth        | |  2.5

Action                   |  1- 3 |  4- 6 |  7- 9 || total
-------------------------+-------+-------+-------++-------
Melee: Short sword       |     1 |       |       ||     1
       Dagger            |       |    54 |    69 ||   123
 Cast: Pain              |    75 |   121 |   238 ||   434
       Regeneration      |       |     8 |    17 ||    25
       Animate Dead      |       |     7 |     9 ||    16
       Control Undead    |       |     4 |    12 ||    16
  Use: Potion            |     2 |       |     1 ||     3
       Scroll            |       |       |     6 ||     6
  Eat: Chunk             |     1 |    10 |    10 ||    21
       Pizza             |       |       |     1 ||     1
Armor: Robe              |     1 |       |       ||     1
       Leather armour    |       |    25 |    49 ||    74
Dodge: Dodged            |    11 |    65 |   163 ||   239
